[ PARTIDA AOE2 · #495899204 ]
UnrankedEspañoles vs Wu
Equipo del jugador · VICT
Equipo rival · DERR
[ ANÁLISIS DE REPETICIÓN · EXTRAÍDO DE LA PARTIDA GRABADA ]
Feudal
9:15
Castillos
20:09
Imperial
39:03
| APM promedio | 58.6 |
| APM pico | 81 |
| eAPM promedio | 30.7 |
| Aldeanos / militares | 171 / 208 |
Foco
⚔️ 39.9% · 🌾 60.1%
Skirmisher ×103 · Conquistador ×52 · Scout Cavalry ×13 · Knight ×12 · Trebuchet (Packed) ×10 · Mangonel ×7
Feudal
9:16
Castillos
19:57
Imperial
38:55
| APM promedio | 51.6 |
| APM pico | 94 |
| eAPM promedio | 27.8 |
| Aldeanos / militares | 161 / 241 |
Foco
⚔️ 34.2% · 🌾 65.8%
Militia ×172 · Unknown (1968) ×58 · Spearman ×29 · Battering Ram ×15 · Scout Cavalry ×12 · Monk ×11
Mapa de la partida
Recursos iniciales + cada clic de construcción. Líneas = muros · curvas = relieve. ◆ oro · ⬟ piedra · ● bayas · ✦ reliquia · ◌ hueco del cierre
Tu base· Abierta — el rival se encerró
Base de boanaan· ✓ Cerrada en 19:57 · 20t muro · sin puerta
Terreno inicial suavizado · ◌ = hueco del cierre detectado · pasá el cursor para detalles
Inputs por minuto
— RoR | Vodka_L_2 - - boanaan
Build order — RoR | Vodka_L_2
Primeras 150 de 624 acciones detectadas
| 0:00 | Encolar | Villager (Male) |
| 0:02 | Construir | House |
| 0:02 | Construir | House |
| 0:04 | Construir | House |
| 0:21 | Encolar | Villager (Male) |
| 0:21 | Encolar | Villager (Male) |
| 0:21 | Encolar | Villager (Male) |
| 1:30 | Encolar | Villager (Male) |
| 1:30 | Encolar | Villager (Male) |
| 1:51 | Encolar | Villager (Male) |
| 2:07 | Construir | Lumber Camp |
| 2:14 | Encolar | Villager (Male) |
| 2:45 | Encolar | Villager (Male) |
| 3:09 | Encolar | Villager (Male) |
| 3:32 | Encolar | Villager (Male) |
| 3:52 | Encolar | Villager (Male) |
| 4:27 | Encolar | Villager (Male) |
| 4:27 | Encolar | Villager (Male) |
| 4:29 | Construir | Mill |
| 5:16 | Encolar | Villager (Male) |
| 5:27 | Encolar | Villager (Male) |
| 5:52 | Encolar | Villager (Male) |
| 5:59 | Investigar | Loom |
| 6:29 | Construir | Mill |
| 7:04 | Investigar | Feudal Age |
| 7:40 | Construir | House |
| 7:54 | Construir | Palisade Wall |
| 7:54 | Construir | Palisade Wall |
| 7:56 | Construir | Palisade Wall |
| 8:19 | Construir | Barracks |
| 9:12 | Encolar | Villager (Male) |
| 9:15 | Edad | Edad Feudal |
| 9:21 | Construir | Stable |
| 9:24 | Construir | Palisade Wall |
| 9:27 | Construir | Palisade Wall |
| 9:28 | Construir | Palisade Wall |
| 9:29 | Construir | Palisade Wall |
| 9:33 | Encolar | Villager (Male) |
| 9:39 | Construir | Palisade Wall |
| 9:50 | Construir | Palisade Wall |
| 9:50 | Construir | Palisade Wall |
| 9:51 | Construir | Palisade Wall |
| 9:52 | Construir | Palisade Wall |
| 9:52 | Construir | Palisade Wall |
| 9:58 | Encolar | Villager (Male) |
| 10:01 | Investigar | Double-Bit Axe |
| 10:05 | Encolar | Scout Cavalry |
| 10:05 | Encolar | Scout Cavalry |
| 10:26 | Construir | Palisade Wall |
| 10:30 | Encolar | Villager (Male) |
| 10:39 | Construir | House |
| 10:40 | Encolar | Spearman |
| 10:45 | Construir | Farm |
| 10:49 | Construir | Farm |
| 10:54 | Encolar | Villager (Male) |
| 11:04 | Construir | House |
| 11:19 | Encolar | Villager (Male) |
| 11:25 | Construir | Palisade Wall |
| 11:38 | Encolar | Villager (Male) |
| 11:40 | Construir | Archery Range |
| 11:44 | Construir | Farm |
| 11:51 | Encolar | Scout Cavalry |
| 12:03 | Construir | Palisade Wall |
| 12:03 | Construir | Palisade Wall |
| 12:04 | Construir | Palisade Wall |
| 12:09 | Construir | Farm |
| 12:09 | Encolar | Villager (Male) |
| 12:23 | Encolar | Skirmisher |
| 12:24 | Encolar | Skirmisher |
| 12:33 | Construir | Farm |
| 12:37 | Construir | House |
| 12:41 | Encolar | Villager (Male) |
| 12:48 | Construir | Palisade Wall |
| 12:58 | Construir | Farm |
| 13:00 | Encolar | Skirmisher |
| 13:04 | Encolar | Villager (Male) |
| 13:08 | Encolar | Scout Cavalry |
| 13:29 | Encolar | Villager (Male) |
| 13:43 | Construir | Stable |
| 13:47 | Construir | House |
| 14:04 | Encolar | Villager (Male) |
| 14:04 | Encolar | Villager (Male) |
| 14:08 | Encolar | Skirmisher |
| 14:08 | Encolar | Skirmisher |
| 14:44 | Encolar | Villager (Male) |
| 14:46 | Construir | Farm |
| 14:54 | Construir | Stable |
| 14:58 | Construir | Blacksmith |
| 15:12 | Construir | Farm |
| 15:13 | Encolar | Villager (Male) |
| 15:15 | Construir | Palisade Wall |
| 15:20 | Encolar | Skirmisher |
| 15:28 | Construir | Mining Camp |
| 15:33 | Construir | Farm |
| 15:38 | Construir | Palisade Wall |
| 15:47 | Encolar | Villager (Male) |
| 15:57 | Construir | Farm |
| 15:59 | Construir | Farm |
| 16:06 | Construir | Palisade Wall |
| 16:06 | Construir | Palisade Wall |
| 16:09 | Encolar | Villager (Male) |
| 16:24 | Construir | Palisade Wall |
| 16:24 | Construir | Palisade Wall |
| 16:30 | Construir | Farm |
| 16:34 | Construir | House |
| 16:38 | Encolar | Villager (Male) |
| 16:57 | Encolar | Villager (Male) |
| 17:06 | Construir | Lumber Camp |
| 17:29 | Investigar | Castle Age |
| 17:38 | Construir | Palisade Wall |
| 17:39 | Construir | Palisade Wall |
| 17:41 | Construir | Palisade Wall |
| 17:56 | Construir | Farm |
| 18:01 | Investigar | Horse Collar |
| 18:02 | Construir | Farm |
| 18:10 | Encolar | Skirmisher |
| 18:27 | Encolar | Skirmisher |
| 18:43 | Construir | Farm |
| 18:45 | Construir | Farm |
| 18:49 | Encolar | Skirmisher |
| 18:56 | Investigar | Gold Mining |
| 19:05 | Construir | Palisade Wall |
| 19:23 | Investigar | Fletching |
| 19:23 | Investigar | Padded Archer Armor |
| 19:31 | Construir | Stable |
| 19:34 | Construir | Farm |
| 19:42 | Construir | House |
| 19:49 | Encolar | Skirmisher |
| 19:53 | Construir | Farm |
| 19:54 | Construir | Farm |
| 20:09 | Edad | Edad de los Castillos |
| 20:14 | Encolar | Knight |
| 20:15 | Encolar | Knight |
| 20:16 | Encolar | Villager (Male) |
| 20:34 | Construir | Siege Workshop |
| 20:35 | Encolar | Villager (Male) |
| 20:51 | Encolar | Villager (Male) |
| 21:07 | Construir | House |
| 21:12 | Encolar | Knight |
| 21:15 | Encolar | Villager (Male) |
| 21:21 | Construir | Town Center |
| 21:36 | Encolar | Villager (Male) |
| 21:39 | Construir | Stone Wall |
| 22:04 | Encolar | Villager (Male) |
| 22:12 | Encolar | Knight |
| 22:19 | Construir | Farm |
| 22:20 | Construir | Farm |
| 22:26 | Encolar | Villager (Male) |
| 22:36 | Encolar | Knight |
| 22:40 | Construir | Monastery |
Build order — boanaan
Primeras 150 de 599 acciones detectadas
| 0:00 | Encolar | Villager (Male) |
| 0:02 | Construir | House |
| 0:03 | Construir | House |
| 0:08 | Encolar | Villager (Male) |
| 0:08 | Encolar | Villager (Male) |
| 0:08 | Encolar | Villager (Male) |
| 1:22 | Encolar | Villager (Male) |
| 1:50 | Construir | Lumber Camp |
| 1:53 | Encolar | Villager (Male) |
| 2:20 | Encolar | Villager (Male) |
| 2:45 | Encolar | Villager (Male) |
| 3:08 | Encolar | Villager (Male) |
| 3:41 | Encolar | Villager (Male) |
| 3:53 | Construir | Mill |
| 3:56 | Construir | House |
| 4:04 | Encolar | Villager (Male) |
| 4:31 | Encolar | Villager (Male) |
| 4:31 | Encolar | Villager (Male) |
| 4:34 | Encolar | Villager (Male) |
| 5:35 | Encolar | Villager (Male) |
| 5:46 | Encolar | Villager (Male) |
| 6:23 | Investigar | Loom |
| 6:27 | Construir | Barracks |
| 7:06 | Investigar | Feudal Age |
| 7:27 | Construir | Mining Camp |
| 7:30 | Encolar | Militia |
| 7:34 | Construir | House |
| 7:50 | Encolar | Militia |
| 7:59 | Construir | House |
| 8:04 | Construir | House |
| 8:07 | Encolar | Militia |
| 8:53 | Encolar | Villager (Male) |
| 9:16 | Edad | Edad Feudal |
| 9:17 | Construir | Archery Range |
| 9:18 | Investigar | Double-Bit Axe |
| 9:24 | Investigar | Horse Collar |
| 9:34 | Encolar | Villager (Male) |
| 9:38 | Investigar | Man-at-Arms (upgrade) |
| 9:53 | Encolar | Spearman |
| 9:57 | Construir | Mill |
| 10:02 | Construir | Farm |
| 10:02 | Encolar | Villager (Male) |
| 10:22 | Encolar | Villager (Male) |
| 10:24 | Encolar | Spearman |
| 10:31 | Construir | Farm |
| 10:51 | Construir | House |
| 10:55 | Construir | Farm |
| 10:57 | Encolar | Villager (Male) |
| 10:58 | Encolar | Spearman |
| 11:34 | Encolar | Villager (Male) |
| 11:38 | Construir | Farm |
| 11:40 | Construir | Farm |
| 11:43 | Encolar | Archer |
| 11:56 | Encolar | Spearman |
| 12:01 | Construir | Farm |
| 12:04 | Encolar | Villager (Male) |
| 12:14 | Construir | House |
| 12:16 | Construir | House |
| 12:17 | Construir | Palisade Wall |
| 12:21 | Construir | House |
| 12:35 | Construir | Farm |
| 12:35 | Encolar | Villager (Male) |
| 12:42 | Encolar | Archer |
| 12:43 | Encolar | Spearman |
| 13:02 | Encolar | Villager (Male) |
| 13:09 | Construir | Farm |
| 13:17 | Encolar | Villager (Male) |
| 13:41 | Encolar | Villager (Male) |
| 13:43 | Investigar | Horse Collar |
| 13:46 | Construir | Farm |
| 13:47 | Construir | Farm |
| 13:51 | Construir | Farm |
| 13:52 | Encolar | Villager (Male) |
| 14:40 | Encolar | Villager (Male) |
| 14:48 | Encolar | Militia |
| 14:50 | Construir | Farm |
| 14:52 | Construir | Farm |
| 15:09 | Encolar | Villager (Male) |
| 15:10 | Encolar | Militia |
| 15:15 | Construir | Blacksmith |
| 15:18 | Construir | House |
| 15:19 | Construir | Palisade Wall |
| 15:30 | Encolar | Villager (Male) |
| 15:33 | Construir | Farm |
| 15:37 | Construir | Farm |
| 15:39 | Construir | Farm |
| 15:50 | Encolar | Villager (Male) |
| 16:02 | Construir | House |
| 16:15 | Construir | Farm |
| 16:16 | Encolar | Villager (Male) |
| 16:29 | Construir | House |
| 16:31 | Construir | Palisade Wall |
| 16:41 | Construir | House |
| 16:43 | Construir | Palisade Wall |
| 16:50 | Encolar | Villager (Male) |
| 16:54 | Construir | Farm |
| 17:17 | Investigar | Castle Age |
| 17:27 | Construir | Barracks |
| 17:49 | Encolar | Militia |
| 17:52 | Investigar | Scale Mail Armor |
| 18:02 | Encolar | Militia |
| 18:29 | Construir | Palisade Wall |
| 18:33 | Encolar | Militia |
| 18:33 | Encolar | Militia |
| 18:56 | Encolar | Militia |
| 18:56 | Encolar | Militia |
| 19:04 | Investigar | Forging |
| 19:07 | Encolar | Militia |
| 19:13 | Construir | House |
| 19:15 | Construir | House |
| 19:32 | Encolar | Villager (Male) |
| 19:41 | Investigar | Arson |
| 19:57 | Edad | Edad de los Castillos |
| 19:57 | Investigar | Chain Mail Armor |
| 20:00 | Investigar | Long Swordsman (upgrade) |
| 20:03 | Construir | Siege Workshop |
| 20:17 | Encolar | Villager (Male) |
| 20:35 | Construir | Palisade Wall |
| 20:36 | Construir | Palisade Wall |
| 20:37 | Construir | Palisade Wall |
| 20:41 | Encolar | Militia |
| 20:43 | Encolar | Militia |
| 20:45 | Encolar | Villager (Male) |
| 20:50 | Construir | Monastery |
| 21:03 | Encolar | Villager (Male) |
| 21:05 | Encolar | Militia |
| 21:05 | Encolar | Militia |
| 21:21 | Encolar | Militia |
| 21:26 | Encolar | Villager (Male) |
| 21:33 | Encolar | Villager (Male) |
| 21:36 | Encolar | Militia |
| 21:37 | Encolar | Militia |
| 21:48 | Construir | Town Center |
| 22:00 | Encolar | Villager (Male) |
| 22:00 | Encolar | Villager (Male) |
| 22:03 | Encolar | Villager (Male) |
| 22:04 | Encolar | Militia |
| 22:23 | Encolar | Monk |
| 22:28 | Encolar | Villager (Male) |
| 22:50 | Encolar | Villager (Male) |
| 22:52 | Encolar | Militia |
| 22:52 | Encolar | Militia |
| 23:13 | Encolar | Villager (Male) |
| 23:27 | Encolar | Battering Ram |
| 23:27 | Encolar | Villager (Male) |
| 23:30 | Encolar | Villager (Male) |
| 23:39 | Encolar | Villager (Male) |
| 23:40 | Encolar | Militia |
| 23:40 | Encolar | Militia |
| 23:41 | Encolar | Militia |
Cronología de la partida
| 6:27 | boanaan · first_building Barracks |
| 7:54 | RoR | Vodka_L_2 · wall_segment Palisade Wall x1 |
| 7:54 | RoR | Vodka_L_2 · wall_segment Palisade Wall x1 |
| 7:56 | RoR | Vodka_L_2 · wall_segment Palisade Wall x1 |
| 8:19 | RoR | Vodka_L_2 · first_building Barracks |
| 9:15 | RoR | Vodka_L_2 · age_up feudal |
| 9:16 | boanaan · age_up feudal |
| 9:17 | boanaan · first_building Archery Range |
| 9:21 | RoR | Vodka_L_2 · first_building Stable |
| 9:24 | RoR | Vodka_L_2 · wall_segment Palisade Wall x1 |
| 9:27 | RoR | Vodka_L_2 · wall_segment Palisade Wall x1 |
| 9:28 | RoR | Vodka_L_2 · wall_segment Palisade Wall x1 |
| 9:29 | RoR | Vodka_L_2 · wall_segment Palisade Wall x1 |
| 9:39 | RoR | Vodka_L_2 · wall_segment Palisade Wall x1 |
| 9:50 | RoR | Vodka_L_2 · wall_segment Palisade Wall x1 |
| 9:50 | RoR | Vodka_L_2 · wall_segment Palisade Wall x1 |
| 9:51 | RoR | Vodka_L_2 · wall_segment Palisade Wall x1 |
| 9:52 | RoR | Vodka_L_2 · wall_segment Palisade Wall x1 |
| 9:52 | RoR | Vodka_L_2 · wall_segment Palisade Wall x1 |
| 10:26 | RoR | Vodka_L_2 · wall_segment Palisade Wall x1 |
| 11:25 | RoR | Vodka_L_2 · wall_segment Palisade Wall x1 |
| 11:40 | RoR | Vodka_L_2 · first_building Archery Range |
| 12:03 | RoR | Vodka_L_2 · wall_segment Palisade Wall x1 |
| 12:03 | RoR | Vodka_L_2 · wall_segment Palisade Wall x1 |
| 12:04 | RoR | Vodka_L_2 · wall_segment Palisade Wall x1 |
| 12:17 | boanaan · wall_segment Palisade Wall x1 |
| 12:48 | RoR | Vodka_L_2 · wall_segment Palisade Wall x1 |
| 15:15 | RoR | Vodka_L_2 · wall_segment Palisade Wall x1 |
| 15:19 | boanaan · wall_segment Palisade Wall x6 |
| 15:38 | RoR | Vodka_L_2 · wall_segment Palisade Wall x5 |
| 16:06 | RoR | Vodka_L_2 · wall_segment Palisade Wall x1 |
| 16:06 | RoR | Vodka_L_2 · wall_segment Palisade Wall x1 |
| 16:24 | RoR | Vodka_L_2 · wall_segment Palisade Wall x2 |
| 16:24 | RoR | Vodka_L_2 · wall_segment Palisade Wall x1 |
| 16:31 | boanaan · wall_segment Palisade Wall x11 |
| 16:43 | boanaan · wall_segment Palisade Wall x2 |
| 17:38 | RoR | Vodka_L_2 · wall_segment Palisade Wall x1 |
| 17:39 | RoR | Vodka_L_2 · wall_segment Palisade Wall x1 |
| 17:41 | RoR | Vodka_L_2 · wall_segment Palisade Wall x16 |
| 18:29 | boanaan · wall_segment Palisade Wall x1 |
| 19:05 | RoR | Vodka_L_2 · wall_segment Palisade Wall x13 |
| 19:57 | boanaan · age_up castle |
| 20:03 | boanaan · first_building Siege Workshop |
| 20:09 | RoR | Vodka_L_2 · age_up castle |
| 20:34 | RoR | Vodka_L_2 · first_building Siege Workshop |
| 20:35 | boanaan · wall_segment Palisade Wall x1 |
| 20:36 | boanaan · wall_segment Palisade Wall x1 |
| 20:37 | boanaan · wall_segment Palisade Wall x1 |
| 20:50 | boanaan · first_building Monastery |
| 21:39 | RoR | Vodka_L_2 · wall_segment Stone Wall x4 |
| 22:40 | RoR | Vodka_L_2 · first_building Monastery |
| 29:43 | RoR | Vodka_L_2 · wall_segment Stone Wall x1 |
| 30:17 | RoR | Vodka_L_2 · first_market_buy 100 wood |
| 30:48 | RoR | Vodka_L_2 · wall_segment Stone Wall x1 |
| 30:50 | RoR | Vodka_L_2 · wall_segment Stone Wall x1 |
| 33:04 | boanaan · first_building Stable |
| 35:10 | RoR | Vodka_L_2 · first_market_sell 100 wood |
| 35:20 | RoR | Vodka_L_2 · first_building Castle |
| 35:33 | boanaan · first_building Castle |
| 38:55 | boanaan · age_up imperial |
| 39:03 | RoR | Vodka_L_2 · age_up imperial |
| 39:13 | boanaan · first_market_sell 500 food |
| 55:08 | boanaan · resign |
[ ANÁLISIS IA · 1 CRÉDITO ]
¿Qué pasó realmente en esta partida?
Wolo.gg analiza cada decisión: build order, eco, micro, errores típicos por bracket. Análisis personalizado por WhatsApp o Discord en 30 segundos.
Guía civ
Españoles
Perfil
Jugador #5632575